 Dungeon Crawl Stone Soup version 0.28.0-53-g5a82cb258f (webtiles) character file.

Game seed: 16021058812844221252

84 Descartes the Twirler (level 4, -4/27 HPs)
             Began as an Octopode Wanderer on June 13, 2022.
             Was a Believer of Kikubaaqudgha.
             Slain by Sigmund
             ... wielding a +0 scythe
              (8 damage)
             ... on level 3 of the Dungeon.
             The game lasted 00:02:53 (2304 turns).

Descartes the Twirler (Octopode Wanderer)           Turns: 2304, Time: 00:02:53

Health: -4/27      AC:  5    Str: 10    XL:     4   Next: 45%
Magic:  6/6        EV: 11    Int: 13    God:    Kikubaaqudgha [**....]
Gold:   110        SH:  0    Dex: 15    Spells: 6/6 levels left

rFire   . . .      SeeInvis .   a - +2 quarterstaff
rCold   . . .      Faith    .   (shield currently unavailable)
rNeg    . . .      Spirit   .   d - +0 hat
rPois   .          Reflect  .   e - amulet of magic regeneration
rElec   .          Harm     .   i - +4 ring of protection
rCorr   .          Rampage  .   (no ring)
Will    .....                   (no ring)
Stlth   ++++......              (no ring)
HPRegen 0.09/turn               (no ring)
MPRegen 0.50/turn               (no ring)
                                (no ring)
                                (no ring)

@: constricted
A: almost no armour, amphibious, 8 rings, camouflage 1, gelatinous body 1,
nimble swimmer 1, tentacles
a: Renounce Religion, Receive Corpses


You were on level 3 of the Dungeon.
You worshipped Kikubaaqudgha.
Kikubaaqudgha was pleased with you.
You visited 1 branch of the dungeon, and saw 3 of its levels.

You collected 110 gold pieces.

Inventory:

Hand Weapons
 a - a +2 quarterstaff (weapon)
 b - a +0 shortbow
Missiles
 c - 63 arrows
Armour
 d - a +0 hat (worn)
Jewellery
 e - an amulet of magic regeneration (around mantle)
 i - a +4 ring of protection (left tentacle)
Scrolls
 f - 4 scrolls of identify {unknown}
 g - a scroll of magic mapping {unknown}
 h - a scroll of summoning {unknown}
 k - a scroll of torment {unknown}
 n - a scroll of brand weapon {unknown}
Potions
 j - 2 potions of experience {unknown}
 l - 2 potions of heal wounds {unknown}
 m - a potion of degeneration {unknown}


   Skills:
 - Level 4.0 Staves
 - Level 3.0 Bows
 + Level 3.5 Dodging
 + Level 2.7 Stealth
 + Level 1.5 Spellcasting
 * Level 1.7 Necromancy


You had 6 spell levels left.
You didn't know any spells.
Your spell library contained the following spells:

 Spells                   Type           Power      Damage    Failure   Level
 Animate Skeleton         Necr           10%        N/A       13%         1
 Sublimation of Blood     Necr           5%         N/A       21%         2
 Vampiric Draining        Necr           5%         2d6       36%         3
 Agony                    Necr           5%         N/A       98%         5


Dungeon Overview and Level Annotations

Branches:
Dungeon (3/15)

Altars:
Kikubaaqudgha
Okawaru

Annotations:
D:3 Sigmund


Innate Abilities, Weirdness & Mutations

You cannot wear most types of armour.
You are amphibious.
You can wear up to eight rings at the same time.
Your skin changes colour to match your surroundings (Stealth+).
Your rubbery body absorbs attacks. (AC +1, EV +1)
You are camouflaged when in or above water. (Stealth+)
You have tentacles for arms and can constrict up to eight enemies at once.


Message History

A ball python comes into view.
A puff of flame appears from out of thin air!
The puff of flame hits you! The kobold barely misses you.
You closely miss the kobold. Your grab misses the kobold.
You squeeze the kobold.
You kill the kobold!
Kikubaaqudgha accepts your kill. Something hits you but does no damage.
You completely miss the ball python. Your grab misses the ball python.
Your tentacle-slap misses the ball python.
The ball python closely misses you. x2; Something hits you!
* * * LOW HITPOINT WARNING * * *
You are too injured to fight recklessly!
You are too injured to fight recklessly!
You are too injured to fight recklessly!
You are too injured to fight recklessly!
You are too injured to fight recklessly!
You are too injured to fight recklessly!
You are too injured to fight recklessly!
You are too injured to fight recklessly!
You are too injured to fight recklessly!
You are too injured to fight recklessly!
You are too injured to fight recklessly!
You are too injured to fight recklessly!
You are too injured to fight recklessly!
You are too injured to fight recklessly!
You are too injured to fight recklessly!
Unknown command.
The ball python bites you.
* * * LOW HITPOINT WARNING * * *
The ball python grabs you. The ball python constricts you.
* * * LOW HITPOINT WARNING * * *
You escape the ball python's grasp.
You closely miss the ball python. You grab the ball python.
You constrict the ball python. The ball python bites you.
* * * LOW HITPOINT WARNING * * *
The ball python grabs you. The ball python constricts you. Something hits you!
You die...
Kikubaaqudgha rasps: "You have failed me!
Welcome... death!"

#. #.......#
#.##.......###
............#
#..........#
####..........#
........).....#
##..#..# #
#...{S## #
..#...≈.@# .
#....≈..^# # #
#...≈...## .
###......## .#
#####...## .#
#.#..### .#
#.##...#
#######
#.###..#
......###
#.##..##


You could see a ball python.

Vanquished Creatures
  An orc wizard (D:3)
  An adder (D:2)
  2 worms (D:2)
  2 dart slugs (D:1)
  3 orcs (D:3)
  4 ball pythons
  3 endoplasms
  3 giant cockroaches
  2 goblins (D:1)
  3 hobgoblins
  A quokka (D:1)
  4 bats (D:1)
  A frilled lizard (D:3)
  4 kobolds
  3 rats
37 creatures vanquished.

Notes
Turn   | Place    | Note
-------+----------+-------------------------------------------
     0 | D:1      | Descartes the Octopode Wanderer began the quest for the
                  | Orb.
     0 | D:1      | Descartes set off with the following items: a +2
                  | quarterstaff, a +0 shortbow, 27 arrows, a +0 hat
     0 | D:1      | Reached XP level 1. HP: 11/11 MP: 1/1
   202 | D:1      | Found a faded altar of an unknown god.
   215 | D:1      | Reached skill level 1 in Stealth
   222 | D:1      | Prayed at the altar of an unknown god.
   222 | D:1      | Became a worshipper of Kikubaaqudgha
   222 | D:1      | Reached * piety under Kikubaaqudgha
   222 | D:1      | Received a gift from Kikubaaqudgha
   423 | D:1      | Reached XP level 2. HP: 17/17 MP: 1/3
   705 | D:1      | Reached skill level 1 in Spellcasting
  1234 | D:2      | Reached XP level 3. HP: 21/21 MP: 4/4
  1804 | D:2      | Reached skill level 1 in Necromancy
  2027 | D:3      | Reached ** piety under Kikubaaqudgha
  2093 | D:3      | Found an iron altar of Okawaru.
  2120 | D:3      | Reached XP level 4. HP: 19/27 MP: 6/6
  2295 | D:3      | Noticed Sigmund
  2304 | D:3      | Slain by Sigmund

Illustrated notes

Levels and vault maps discovered:
D:1:      wander_arrival_abandoned_jail, layout_loops_ring,
          chequers_ecumenical_altar_island
D:2:      layout_loops_cross
D:3:      layout_rooms, mainiacjoe_overflow_swirl, lemuel_round_altar,
          chequers_serial_rivers_micro_c, nrook_mini_backslash,
          nrook_loot_triangle, uniq_sigmund, uniq_jessica

Skill      XL: |  1  2  3 |
---------------+----------+-----
Stealth        | 1 2 |  2.7
Spellcasting   | 1 |  1.5
Necromancy     | 1 |  1.7
Staves         | |  4.0
Bows           | |  3.0
Dodging        | |  3.5

Action                   |  1- 3 |  4- 6 || total
-------------------------+-------+-------++-------
Melee: Quarterstaff      |    60 |     5 ||    65
       Tentacles         |     8 |     1 ||     9
       Constrict         |    11 |     1 ||    12
 Fire: Shortbow          |     1 |       ||     1
 Stab: Sleeping          |    11 |       ||    11
Armor: Skin              |     8 |     4 ||    12
Dodge: Dodged            |    26 |     3 ||    29
